 Dungeon Crawl Stone Soup version 0.21.1-1-g345015f (webtiles) character file.

1990 Mirai the Cleaver (level 9, -9/71 HPs)
             Began as a Demonspawn Fighter on Mar 12, 2018.
             Was a Follower of Okawaru.
             Mangled by an orc warrior
             ... wielding a +0 glaive
              (15 damage)
             ... on level 7 of the Dungeon.
             The game lasted 00:14:27 (5989 turns).

Mirai the Cleaver (Demonspawn Fighter)              Turns: 5989, Time: 00:14:28

Health: -9/71      AC: 18    Str: 24    XL:     9   Next: 1%
Magic:  8/9        EV: 11    Int: 11    God:    Okawaru [*.....]
Gold:   293        SH:  9    Dex: 12    Spells: 8/8 levels left

rFire    + + .     SeeInvis .   a - +0 war axe
rCold    . . .     Gourm    .   c - +0 shield
rNeg     . . .     Faith    .   y - +1 leather armour {rF+}
rPois    .         Spirit   .   C - +0 helmet
rElec    .         Reflect  .   v - +2 cloak {MR+}
rCorr    .         Harm     .   (no gloves)
MR       +....                  d - +2 pair of boots {Fly}
Stlth    ++........             (no amulet)
HPRegen  0.21/turn              h - ring of protection from fire
MPRegen  0.11/turn              l - +4 ring of protection

@: mighty, flying
A: claws 1, slimy green scales 1, demonic guardian 1, nightstalker 1
a: Heroism, Renounce Religion, Stop Flying


You were on level 7 of the Dungeon.
You worshipped Okawaru.
Okawaru was aware of your devotion.
You were not hungry.

You visited 2 branches of the dungeon, and saw 8 of its levels.
You also visited: Ossuary.

You collected 293 gold pieces.

Inventory:

Hand Weapons
 a - a +0 war axe (weapon)
 G - a cursed -2 flail
 H - a +0 hand axe of flaming
Armour
 c - a +0 shield (worn)
 d - a +2 pair of boots of flying (worn)
 v - a +2 cloak of magic resistance (worn)
 y - a +1 leather armour of fire resistance (worn)
 C - a +0 helmet (worn)
 D - a +0 robe
Jewellery
 h - a ring of protection from fire (left claw)
 l - a +4 ring of protection (right claw)
 t - an uncursed ring of flight
Scrolls
 g - 8 scrolls of teleportation
 k - 5 scrolls of identify
 m - 7 scrolls of remove curse
 F - a scroll of amnesia {unknown}
Potions
 b - 2 potions of lignification {unknown}
 e - a potion of heal wounds {unknown}
 i - a potion of ambrosia {unknown}
 j - a potion of mutation {unknown}
 o - 3 potions of degeneration {unknown}
 p - a potion of haste {unknown}
 q - 2 potions of resistance {unknown}
 r - a potion of magic {unknown}
 s - a potion of flight {unknown}
 u - 5 potions of curing
 w - a potion of cancellation {unknown}
 x - 4 potions of brilliance {unknown}
 A - a potion of invisibility {unknown}
 B - a potion of agility {unknown}
Books
 n - a book of Minor Magic

   Spells                             Type                      Level
   a - Magic Dart                     Conjuration                  1
   b - Blink                          Translocation                2
   c - Call Imp                       Summoning                    2
   d - Slow                           Hexes                        2
   e - Conjure Flame                  Conjuration/Fire             3
   f - Mephitic Cloud                 Conjuration/Poison/Air       3
Comestibles
 f - 5 rations
 E - 3 chunks of flesh


   Skills:
 * Level 6.5 Fighting
 + Level 8.2 Axes
 + Level 3.7 Armour
 + Level 3.7 Dodging
 - Level 2.6 Shields


You had 8 spell levels left.
You didn't know any spells.

Dungeon Overview and Level Annotations

Branches:
Dungeon (7/15)             Temple (1/1) D:4

Altars:
Dithmenos
Fedhas
Makhleb
Nemelex Xobeh
Okawaru
Ru
Trog
Wu Jian
Zin

Shops:
D:6 %


Innate Abilities, Weirdness & Mutations

You have sharp fingernails.
You are partially covered in slimy green scales. (AC +2)
A weak demonic guardian rushes to your aid.
You are slightly more attuned to the shadows.


Message History

You feel very mighty all of a sudden. You block the orc warrior's attack.
You slash the orc warrior!
The orc warrior is heavily wounded.
The orc warrior hits you with a glaive!
* * * LOW HITPOINT WARNING * * *
Unknown command.
You hit the orc warrior.
The orc warrior is severely wounded.
You block the orc warrior's attack.
Your iron imp hits the orc warrior but does no damage.
Unknown command.
You closely miss the orc warrior.
The orc warrior is severely wounded.
You block the orc warrior's attack.
Your iron imp hits the orc warrior but does no damage.
Your shield prevents you from hitting the orc warrior.
The orc warrior is severely wounded.
The orc warrior hits you with a glaive!
You die...

.........# #.....### .##
......#..## ###.##.## .#
###..###..###).####.# ##
#..# ###..).## .# #..#
##.)## .## ##.# #...##
#.. ##.# ##.#...##.#
###..## ##.####....##
##....# #..# ##@...###
#(..#.###.#####.5o....#
.................##.....
#....####.........##....
#....# ##...#....##....
#.#### #.(##.......##.
### ##()...#..##
#)).....## #.......#


You could see an orc warrior and a friendly iron imp.

Vanquished Creatures
  Sigmund (D:2)
  An orc warrior (D:7)
  2 phantoms
  A sky beast (D:6)
  An ogre (D:6)
  3 centaurs
  6 water moccasin zombies (Ossuary)
  A howler monkey (D:6)
  2 crimson imps (D:5)
  2 orc priests
  A jelly (D:6)
  Crazy Yiuf (D:2)
  Jessica (D:2)
  An iguana (D:6)
  Terence (D:3)
  4 orc wizards
  5 big kobold zombies (Ossuary)
  A worker ant zombie (D:6)
  2 mummies (Ossuary)
  4 gnolls (D:6)
  10 adders
  A shadow imp (D:6)
  An ooze (D:1)
  2 adder zombies (Ossuary)
  An adder skeleton (D:6)
  3 worms
  2 dart slugs
  4 leopard geckos
  25 orcs
  4 giant cockroaches
  7 goblins
  9 hobgoblins
  14 jackals
  3 quokkas
  4 bats
  3 frilled lizards
  A gnoll zombie (Ossuary)
  7 hobgoblin zombies (Ossuary)
  A jackal zombie (D:5)
  5 kobolds
  2 kobold zombies (Ossuary)
  4 orc zombies (Ossuary)
  9 rats
163 creatures vanquished.

Notes
Turn   | Place    | Note
-------+----------+-------------------------------------------
     0 | D:1      | Mirai the Demonspawn Fighter began the quest for the Orb.
     0 | D:1      | Reached XP level 1. HP: 18/18 MP: 1/1
   148 | D:1      | Reached skill level 2 in Axes
   176 | D:1      | Gained mutation: You are slightly more attuned to the shadows. [demonic ancestry]
   176 | D:1      | Reached XP level 2. HP: 15/24 MP: 2/2
   814 | D:2      | Reached XP level 3. HP: 21/29 MP: 3/3
   998 | D:2      | Noticed Sigmund
  1011 | D:2      | Reached skill level 3 in Axes
  1011 | D:2      | Gained mutation: You have sharp fingernails. [demonic ancestry]
  1011 | D:2      | Reached XP level 4. HP: 24/36 MP: 4/4
  1012 | D:2      | Killed Sigmund
  1012 | D:2      | Reached skill level 4 in Axes
  1012 | D:2      | Reached skill level 1 in Dodging
  1012 | D:2      | Gained mutation: You are partially covered in slimy green scales. (AC +2) [demonic ancestry]
  1012 | D:2      | Reached XP level 5. HP: 28/42 MP: 5/5
  1355 | D:2      | Found a runed door.
  1359 | D:2      | Noticed Crazy Yiuf
  1369 | D:2      | Killed Crazy Yiuf
  1569 | D:2      | Noticed Jessica
  1584 | D:2      | Reached XP level 6. HP: 45/48 MP: 6/6
  1595 | D:2      | Killed Jessica
  1769 | D:3      | Noticed Terence
  1779 | D:3      | Killed Terence
  2646 | D:4      | Reached skill level 5 in Axes
  2701 | D:4      | Found a staircase to the Ecumenical Temple.
  2750 | Temple   | Entered the Ecumenical Temple
  2759 | Temple   | Became a worshipper of Warmaster Okawaru
  3003 | D:4      | Reached XP level 7. HP: 52/55 MP: 7/7
  3890 | D:5      | Entered Level 5 of the Dungeon
  3947 | D:5      | Found a sand-covered staircase.
  3951 | Ossuary  | Entered an ossuary
  4100 | Ossuary  | Reached skill level 6 in Axes
  4135 | Ossuary  | Reached * piety under Okawaru
  4154 | Ossuary  | Reached skill level 5 in Fighting
  4179 | Ossuary  | Reached XP level 8. HP: 54/62 MP: 8/8
  4688 | D:5      | Found a sparkling altar of Nemelex Xobeh.
  4947 | D:6      | Reached skill level 7 in Axes
  5225 | D:6      | Found Beel's Food Shoppe.
  5782 | D:6      | Reached skill level 8 in Axes
  5964 | D:7      | Gained mutation: A weak demonic guardian rushes to your aid. [demonic ancestry]
  5964 | D:7      | Reached XP level 9. HP: 43/71 MP: 6/9
  5989 | D:7      | Mangled by an orc warrior

Skill      XL: |  1  2  3  4  5  6  7  8 |
---------------+-------------------------+-----
Axes           | 2 3 4 5 6 8 |  8.2
Armour         | 3 |  3.7
Dodging        | 1 2 3 |  3.7
Fighting       | 4 5 6 |  6.5
Shields        | |  2.6

Action                   |  1- 3 |  4- 6 |  7- 9 || total
-------------------------+-------+-------+-------++-------
Melee: War axe           |   104 |   172 |   385 ||   661
Invok: Heroism           |       |       |     2 ||     2
 Abil: Evoke Flight      |       |     1 |       ||     1
  Use: Potion            |     1 |     1 |     1 ||     3
       Scroll            |       |     5 |     4 ||     9
 Stab: Invisible         |       |     2 |       ||     2
       Sleeping          |       |     4 |     4 ||     8
  Eat: Chunk             |       |     7 |     7 ||    14
       Ration            |       |       |     1 ||     1
Armor: Scale mail        |    72 |       |       ||    72
       Robe              |       |    92 |   105 ||   197
       Leather armour    |       |       |    70 ||    70
Dodge: Dodged            |    42 |    66 |   142 ||   250
Block: Shield            |    58 |    94 |   179 ||   331
